 Dungeon Crawl Stone Soup version 0.19.1 (webtiles) character file.

1087 Dfrag the Firebug (level 8, -6/62 HPs)
             Began as a Naga Fire Elementalist on Nov 30, 2016.
             Killed by divine providence
             ... invoked by an orc priest
              (11 damage)
             ... on level 5 of the Dungeon.
             The game lasted 00:07:54 (4322 turns).

Dfrag the Firebug (Naga Fire Elementalist)          Turns: 4322, Time: 00:07:55

Health: -6/62      AC:  5    Str: 11      XL:     8   Next: 30%
Magic:  6/16       EV:  9    Int: 18      God:
Gold:   175        SH:  3    Dex:  8 (11) Spells: 3 memorised, 9 levels left

rFire  . . .     SeeInvis +     e - +2 short sword (holy)
rCold  . . .     Gourm    .     a - +0 robe
rNeg   . . .     Faith    .     (no shield)
rPois  +         Spirit   .     (no helmet)
rElec  .         Reflect  +     z - +0 cloak
rCorr  .         Harm     .     w - +0 pair of gloves
MR     +....                    (no barding)
Stlth  ++........               t - +3 amulet of reflection
                                p - ring of loudness (curse)
                                f - ring of stealth

@: very slightly contaminated, very slow
A: see invisible, deformed body, poison resistance, slowness 2, slow metabolism
1, spit poison 1, AC +2
a: Spit Poison


You were on level 5 of the Dungeon.
You were not hungry.

You visited 1 branch of the dungeon, and saw 5 of its levels.
You also visited: Ossuary.

You collected 175 gold pieces.

Inventory:

Hand Weapons
 e - a +2 short sword of holy wrath (weapon)
 h - a +1 dagger of speed
Armour
 a - a +0 robe (worn)
 d - a +0 pair of gloves
 w - a +0 pair of gloves (worn)
 z - a +0 cloak (worn)
 F - a +0 robe of magic resistance
Jewellery
 f - a ring of stealth (left hand)
 m - a cursed ring of loudness
 p - a cursed ring of loudness (right hand)
 t - a +3 amulet of reflection (around neck)
Wands
 l - a wand of random effects (33/48)
 n - a wand of confusion (10/48)
 y - a wand of digging (9/24)
Scrolls
 g - 2 scrolls of random uselessness {unknown}
 i - a scroll of teleportation {unknown}
 k - 2 scrolls of remove curse {unknown}
 o - a scroll of fear {unknown}
 r - a scroll of blinking {unknown}
 s - 5 scrolls of identify {unknown}
 u - a scroll of recharging {unknown}
 v - 2 scrolls of immolation {unknown}
 x - a scroll of enchant armour {unknown}
 A - a scroll of amnesia {unknown}
 E - a scroll of enchant weapon {unknown}
Potions
 j - 2 potions of curing
 B - a potion of invisibility
 C - a potion of mutation {unknown}
 D - a potion of haste {unknown}
Books
 b - a book of Flames

   Spells                             Type                      Level
   a - Flame Tongue                   Conjuration/Fire             1
   b - Throw Flame                    Conjuration/Fire             2
   c - Conjure Flame                  Conjuration/Fire             3
   d - Inner Flame                    Hexes/Fire                   3
   e - Sticky Flame                   Conjuration/Fire             4
   f - Fireball                       Conjuration/Fire             5
Comestibles
 c - 6 bread rations
 q - a meat ration


   Skills:
 - Level 1.5 Dodging
 - Level 3.0 Stealth
 + Level 5.4 Spellcasting
 + Level 5.3 Conjurations
 + Level 6.2 Fire Magic


You had 9 spell levels left.
You knew the following spells:

 Your Spells              Type           Power        Failure   Level  Hunger
a - Flame Tongue          Conj/Fire      ####.        1%          1    None
b - Conjure Flame         Conj/Fire      ####....     3%          3    ##.....
d - Sticky Flame          Conj/Fire      ####....     14%         4    ####...


Dungeon Overview and Level Annotations

Branches:
Dungeon (5/15)
 Temple: D:4-7

Altars:
Kikubaaqudgha
Okawaru
Vehumet
The Shining One


Innate Abilities, Weirdness & Mutations

You cannot wear boots.
Your serpentine skin is tough. (AC +2)
You have supernaturally acute eyesight. (SInv)
Armour fits poorly on your strangely shaped body.
Your system is resistant to poisons. (rPois)
You cover ground very slowly.
You have a slow metabolism.
You can spit poison.


Message History

There isn't anything to butcher here.
F - an embroidered robe The orc priest shouts!
The orc priest mumbles some strange prayers to Beogh against you.
Pain shoots through your body!
* * * LOW HITPOINT WARNING * * *
There is an open door, spattered with blood here.
Casting: Sticky Flame
Confirm with . or Enter, or press ? or * to list all spells.
Aiming: Sticky Flame
Press: ? - help, Shift-Dir - straight line, f - orc priest
Aim: an orc priest, wielding a whip The sticky flame hits the orc priest.
The orc priest is moderately wounded.
The orc priest is covered in liquid flames!
The orc shouts!
The orc priest burns!
The orc priest mumbles some strange prayers to Beogh against you.
Beogh smites you!
You die...

#[. #.. #.. #..
###.. #.. #.... #.
#....#######
#######.
#.....#....#
........
#....o'....# .......
..o...)##..o##
#####..##. .##..o)
###@#######..##..##.
#....
#....).......#......
#)...
#....#)......#......
#....
#...##...##'###..##.
#....
#...##...##..##..##.
#####
#........#....'...#.
#........#....#...#.
#...##...##..##..##.
#...##...##..##+###.


You could see an orc priest (burning) and an orc.

Vanquished Creatures
  A necrophage (D:4)
  The ghost of VictoriousLee the Caller, an amateur DrSu (D:4)
  A centaur (D:5)
  2 elf zombies (Ossuary)
  A scorpion (D:5)
  A quasit (D:3)
  A centaur zombie (Ossuary)
  2 hounds
  A bullfrog skeleton (D:5)
  2 human zombies (Ossuary)
  2 orc wizards (D:5)
  Jessica (D:3)
  Ijyb (D:2)
  A worker ant (D:4)
  3 big kobold zombies (Ossuary)
  3 mummies (Ossuary)
  A howler monkey skeleton (D:4)
  10 adders
  A shadow imp (D:5)
  2 adder skeletons
  4 adder zombies
  A worm (D:4)
  2 dart slugs
  An orc (D:5)
  6 bats
  4 giant cockroaches
  A gnoll zombie (Ossuary)
  5 goblins
  7 hobgoblins
  9 jackals
  6 kobolds
  A quokka (D:2)
  2 ball pythons (D:1)
  3 frilled lizards
  A goblin zombie (Ossuary)
  4 hobgoblin zombies (Ossuary)
  A jackal skeleton (D:4)
  4 jackal zombies (Ossuary)
  4 kobold zombies (Ossuary)
  2 orc zombies (Ossuary)
  A quokka skeleton (D:4)
  4 quokka zombies (Ossuary)
  6 rats
  3 rat zombies (Ossuary)
120 creatures vanquished.

Vanquished Creatures (others)
  An orc (D:5)
1 creature vanquished.

Grand Total: 121 creatures vanquished

Notes
Turn   | Place    | Note
-------+----------+-------------------------------------------
     0 | D:1      | Dfrag the Naga Fire Elementalist began the quest for the Orb.
     0 | D:1      | Reached XP level 1. HP: 15/15 MP: 3/3
   125 | D:1      | Reached XP level 2. HP: 22/22 MP: 5/5
   498 | D:2      | Reached XP level 3. HP: 10/28 MP: 2/6
   671 | D:2      | Found a glowing golden altar of the Shining One.
   828 | D:2      | Noticed Ijyb
   863 | D:2      | Killed Ijyb
   863 | D:2      | Reached XP level 4. HP: 11/36 MP: 4/8
  1033 | D:2      | Found a faded altar of an unknown god.
  1361 | D:3      | Noticed Jessica
  1363 | D:3      | Killed Jessica
  1363 | D:3      | Reached XP level 5. HP: 42/42 MP: 7/9
  1414 | D:3      | Reached skill level 4 in Fire Magic
  1489 | D:3      | Found a radiant altar of Vehumet.
  2004 | D:3      | Found an ancient bone altar of Kikubaaqudgha.
  2251 | D:4      | Reached XP level 6. HP: 49/49 MP: 8/11
  2264 | D:4      | Found an iron altar of Okawaru.
  2290 | D:4      | Noticed a necrophage
  2295 | D:4      | Learned a level 3 spell: Conjure Flame
  2303 | D:4      | Killed a necrophage
  2491 | D:4      | Learned a level 4 spell: Sticky Flame
  2829 | D:4      | Noticed VictoriousLee's ghost (amateur DrSu)
  3068 | D:4      | HP: 2/49 [river rat[VictoriousLee's ghost] (2)]
  3073 | D:4      | Killed VictoriousLee's ghost
  3073 | D:4      | Reached skill level 5 in Fire Magic
  3073 | D:4      | Reached XP level 7. HP: 16/55 MP: 6/13
  3132 | D:5      | Entered Level 5 of the Dungeon
  3369 | D:5      | Found a sand-covered staircase.
  3466 | Ossuary  | Entered an ossuary
  3902 | Ossuary  | Reached skill level 5 in Spellcasting
  4115 | Ossuary  | Reached XP level 8. HP: 58/62 MP: 15/15
  4156 | Ossuary  | Reached skill level 5 in Conjurations
  4250 | D:5      | Reached skill level 6 in Fire Magic
  4304 | D:5      | HP: 3/62 [orc priest/divine providence (11)]
  4322 | D:5      | Killed from afar by an orc priest

Skill      XL: |  1  2  3  4  5  6  7  8 |
---------------+-------------------------+-----
Spellcasting   | 3 4 5 |  5.4
Conjurations   | 2 3 4 5 |  5.3
Fire Magic     | 4 5 6 |  6.2
Dodging        | |  1.5
Stealth        | |  3.0

Action                   |  1- 3 |  4- 6 |  7- 9 || total
-------------------------+-------+-------+-------++-------
Melee: Short sword       |    14 |    46 |   161 ||   221
       Unarmed           |     1 |       |       ||     1
       Dagger            |    49 |     2 |       ||    51
 Cast: Flame Tongue      |    39 |    70 |    41 ||   150
       Sticky Flame      |       |     1 |    14 ||    15
       Conjure Flame     |       |     1 |       ||     1
 Abil: Spit Poison       |     7 |     9 |     1 ||    17
  Use: Potion            |       |     4 |     2 ||     6
 Stab: Sleeping          |     3 |     2 |       ||     5
  Eat: Chunk             |       |     5 |     2 ||     7
       Meat ration       |       |       |     1 ||     1
       Beef jerky        |       |       |     1 ||     1
Armor: Robe              |    22 |    48 |    75 ||   145
       Skin              |       |     7 |       ||     7
Dodge: Dodged            |    37 |    74 |    86 ||   197
Block: Other             |       |     8 |    23 ||    31
